 Dungeon Crawl Stone Soup version 0.28.0-62-gf88900778d (webtiles) character file.

Game seed: 1236181735971358741

128 cbfl8 the Skirmisher (level 5, -3/47 HPs)
             Began as a Hill Orc Fighter on May 26, 2023.
             Was an Initiate of Beogh.
             Slain by a sky beast (6 damage)
             ... on level 4 of the Dungeon.
             The game lasted 00:02:35 (3503 turns).

cbfl8 the Skirmisher (Hill Orc Fighter)             Turns: 3503, Time: 00:02:36

Health: -3/47      AC:  8    Str: 19    XL:     5   Next: 11%
Magic:  5/5        EV:  9    Int:  8    God:    Beogh [......]
Gold:   112        SH:  4    Dex: 12    Spells: 4/4 levels left

rFire   + . .      SeeInvis .   a - +0 war axe
rCold   . . .      Faith    +   c - +0 buckler
rNeg    . . .      Spirit   .   b - +0 scale mail
rPois   .          Reflect  .   m - +0 helmet
rElec   .          Harm     .   (no cloak)
rCorr   .          Rampage  .   (no gloves)
Will    .....                   (no boots)
Stlth   ..........              p - amulet of faith
HPRegen 0.15/turn               q - ring of protection from fire
MPRegen 0.09/turn               (no ring)

@: mighty
A: no striking features
a: Renounce Religion


You were on level 4 of the Dungeon.
You worshipped Beogh.
Beogh was noncommittal.
You visited 1 branch of the dungeon, and saw 4 of its levels.

You collected 112 gold pieces.

Inventory:

Hand Weapons
 a - a +0 war axe (weapon)
Armour
 b - a +0 scale mail (worn)
 c - a +0 buckler (worn)
 m - a +0 helmet (worn)
Jewellery
 p - an amulet of faith (around neck)
 q - a ring of protection from fire (left hand)
Scrolls
 f - a scroll of enchant armour {unknown}
 h - a scroll of noise {unknown}
 j - a scroll of acquirement {unknown}
 l - 2 scrolls of identify {unknown}
 n - 3 scrolls of teleportation {unknown}
 o - 2 scrolls of enchant weapon {unknown}
Potions
 e - 3 potions of brilliance {unknown}
 g - a potion of curing {unknown}
 i - a potion of flight {unknown}
 k - a potion of heal wounds {unknown}


   Skills:
 + Level 4.6 Fighting
 + Level 4.1 Axes
 + Level 3.7 Armour
 + Level 3.5 Shields
 * Level 2.1 Evocations


You had 4 spell levels left.
You didn't know any spells.
Your spell library was empty.

Dungeon Overview and Level Annotations

Branches:
Dungeon (4/15)
 Temple: D:4-7

Altars:
Kikubaaqudgha
Trog
Wu Jian
Zin


Message History

There are monsters nearby!
You closely miss the sky beast. The sky beast hits you.
The sky beast shocks you. You block the sky beast's attack.
There are monsters nearby!
You closely miss the sky beast.
The sky beast hits you but does no damage.
There are monsters nearby!
You feel very mighty all of a sudden. The sky beast barely misses you.
The iguana misses you.
You miss the sky beast. You hit the iguana but do no damage.
The iguana barely misses you.
The sky beast hits you but does no damage.
Unknown command.
You hit the sky beast.
The sky beast is moderately wounded.
You hit the iguana. The iguana bites you!
The sky beast flickers out of sight!
Deactivating autopickup; reactivate with Ctrl-A.
Something hits you but does no damage. x2; You block the iguana's attack.
Unknown command.
You closely miss something. You closely miss the iguana.
The iguana bites you but does no damage.
Something hits you but does no damage.
Unknown command.
You slash something! You closely miss the iguana. The iguana bites you.
Something hits you but does no damage.
Unknown command.
You miss something. You hit the iguana. The iguana bites you.
Something hits you. Something shocks you.
* * * LOW HITPOINT WARNING * * *
The iguana bites you but does no damage.
Something hits you but does no damage.
Unknown command.
You miss something. You barely miss the iguana. The iguana bites you!
* * * LOW HITPOINT WARNING * * *
A sky beast appears from thin air!
Reactivating autopickup.
The sky beast hits you.
* * * LOW HITPOINT WARNING * * *
The sky beast shocks you.
You die...

##....# #..##......###########
.#.#######.###......#.........#
......#....###......#.........#
.#.##.#.#####.................#
.>.##.........................#
#....†...####.###...#.........#
..................###.........#
................### ###########
...........>..#l@Y#
...............##)...#
............... ###..#
............... .# ... .......
#.<.....# ... ....... .......#
......# #......# ......
+......# #......####


You could see a sky beast and an iguana.

Vanquished Creatures
  Robin (D:2)
  3 adders
  2 dart slugs (D:1)
  6 orcs
  7 ball pythons
  9 endoplasms
  3 giant cockroaches
  7 hobgoblins
  4 quokkas
  4 bats
  4 frilled lizards
  15 goblins
  5 kobolds
  3 rats
73 creatures vanquished.

Vanquished Creatures (others)
  7 toadstools (D:1)
7 creatures vanquished.

Grand Total: 80 creatures vanquished

Notes
Turn   | Place    | Note
-------+----------+-------------------------------------------
     0 | D:1      | cbfl8 the Hill Orc Fighter began the quest for the Orb.
     0 | D:1      | Reached XP level 1. HP: 19/19 MP: 1/1
   219 | D:1      | Reached skill level 1 in Evocations
   219 | D:1      | Reached XP level 2. HP: 27/27 MP: 2/2
  1180 | D:2      | Reached XP level 3. HP: 33/33 MP: 3/3
  1887 | D:2      | Noticed Robin
  1897 | D:2      | Killed Robin
  1898 | D:2      | Reached XP level 4. HP: 35/41 MP: 4/4
  2901 | D:3      | Reached XP level 5. HP: 47/47 MP: 5/5
  3274 | D:4      | Noticed a phantom
  3274 | D:4      | Found an ornate altar of the Wu Jian Council.
  3274 | D:4      | Found an ancient bone altar of Kikubaaqudgha.
  3274 | D:4      | Found a bloodstained altar of Trog.
  3312 | D:4      | Found a glowing silver altar of Zin.
  3407 | D:4      | Became a worshipper of Beogh the Brigand
  3492 | D:4      | Noticed a sky beast
  3503 | D:4      | Slain by a sky beast

Illustrated notes

Levels and vault maps discovered:
D:1:      nagdon_arrival_double_spiral, layout_basic, serial_co_window_serial,
          co_window_paths_b, co_window_paths_a, co_window_cross_1,
          co_window_corner_a, co_window_corner_a, co_window_cross_2,
          co_window_corner_b, co_window_corner_ca, co_window_corner_b,
          co_window_cross_2, co_window_4corner_a, glass_columns_a,
          glass_columns_b, chequers_serial_rivers_micro_c
D:2:      layout_loops_ring, kennysheep_potato, uniq_robin
D:3:      layout_loops_corners, roderic_roman_lattice
D:4:      layout_rooms, kennysheep_mini,
          mainiacjoe_overflow_concentric_impassable,
          chequers_temple_overflow_statue_of_worship

Skill      XL: |  1  2  3  4 |
---------------+-------------+-----
Evocations     | 1 2 |  2.1
Axes           | 3 4 |  4.1
Fighting       | 4 |  4.6
Armour         | |  3.7
Shields        | |  3.5

Action                   |  1- 3 |  4- 6 || total
-------------------------+-------+-------++-------
Melee: War axe           |    92 |   108 ||   200
Invok: Convert to Beogh  |       |     1 ||     1
  Use: Potion            |       |     1 ||     1
Armor: Scale mail        |    49 |    49 ||    98
Dodge: Dodged            |    42 |    47 ||    89
Block: Buckler           |    23 |    20 ||    43
